 Dungeon Crawl Stone Soup version 0.24-b1 (webtiles) character file.

Game seed: 17735595724090387011, levelgen mode: deterministic

3740 2tousent the Covert (level 10, -5/80 HPs)
             Began as a Naga Warper on Oct 12, 2019.
             Was a Follower of Uskayaw.
             Slain by Duvessa
             ... wielding a +0 short sword
              (11 damage)
             ... on level 7 of the Dungeon.
             The game lasted 00:41:56 (10968 turns).

2tousent the Covert (Naga Warper)                  Turns: 10968, Time: 00:41:56

Health: -5/80      AC:  9    Str: 15    XL:     10   Next: 15%
Magic:  19/26      EV:  9    Int: 17    God:    Uskayaw [*.....]
Gold:   605        SH:  0    Dex: 14    Spells: 9/18 levels left

rFire    . . .     SeeInvis +   i - +0 dagger (venom)
rCold    . . .     Gourm    .   (no shield)
rNeg     . . .     Faith    .   G - +3 leather armour {rPois}
rPois    +         Spirit   .   u - +1 helmet {Int+3}
rElec    .         Reflect  .   (no cloak)
rCorr    .         Harm     .   (no gloves)
MR       +....                  (no barding)
Stlth    ++++......             (no amulet)
HPRegen  0.23/turn              s - +2 ring of strength
MPRegen  0.20/turn              y - ring of magical power

@: very slow
A: large, see invisible, deformed body, poison resistance, slowness 2, slow
metabolism 1, spit poison 1, AC +3
a: Spit Poison, Stomp, Renounce Religion


You were on level 7 of the Dungeon.
You worshipped Uskayaw.
Uskayaw was noncommittal.
You were very hungry.

You visited 2 branches of the dungeon, and saw 8 of its levels.

You collected 605 gold pieces.

Inventory:

Hand Weapons
 a - a +0 short sword
 h - a +0 rapier
 i - a +0 dagger of venom (weapon)
Missiles
 e - 5 boomerangs of dispersal (quivered)
Armour
 b - a +0 leather armour
 u - a +1 helmet of intelligence (worn)
 w - a +0 pair of gloves
 G - a +3 leather armour of poison resistance (worn)
Jewellery
 s - a +2 ring of strength (left hand)
 y - a ring of magical power (right hand)
Wands
 r - a wand of random effects (17)
 B - a wand of acid (8)
Scrolls
 d - 4 scrolls of blinking
 l - 3 scrolls of teleportation
 q - 4 scrolls of remove curse
 x - 2 scrolls of fog
 z - 2 scrolls of immolation {unknown}
 A - a scroll of identify
 C - a scroll of fear {unknown}
 E - a scroll of noise {unknown}
Potions
 c - a potion of brilliance
 g - a potion of invisibility {unknown}
 j - 2 potions of heal wounds
 k - 2 potions of might
 m - 4 potions of flight
 n - a potion of mutation
 o - a potion of cancellation
 p - a potion of ambrosia
 t - a potion of berserk rage {unknown}
 v - 2 potions of curing
 D - a potion of lignification {unknown}
Comestibles
 f - 10 rations


   Skills:
 - Level 2.0 Fighting
 * Level 7.8 Short Blades
 - Level 0.8 Throwing
 - Level 0.7 Armour
 - Level 1.5 Dodging
 + Level 9.6 Stealth
 + Level 4.9 Spellcasting
 + Level 7.5 Translocations
 * Level 6.4 Invocations


You had 9 spell levels left.
You knew the following spells:

 Your Spells              Type           Power        Failure   Level  Hunger
a - Blink                 Tloc           N/A          1%          2    #......
b - Gell's Gravitas       Tloc           ####......   2%          3    ###....
c - Passage of Golubria   Tloc           N/A          8%          4    ####...

Your spell library contained the following spells:

 Spells                   Type           Power        Failure   Level  Hunger
 Lesser Beckoning         Tloc           ####......   2%          3    ###....
 Teleport Other           Tloc           ####....     2%          3    ###....
 Shroud of Golubria       Chrm/Tloc      ###...       6%          2    #......
 Confusing Touch          Hex            #.....       19%         1    None
 Flame Tongue             Conj/Fire      #....        19%         1    None
 Throw Flame              Conj/Fire      #.....       26%         2    #......
 Confuse                  Hex            #.......     47%         3    ###....
 Conjure Flame            Conj/Fire      #.......     47%         3    ###....
 Inner Flame              Hex/Fire       #.......     47%         3    ###....
 Petrify                  Tmut/Erth      #.......     87%         4    ####...
 Sticky Flame             Conj/Fire      #.......     87%         4    ####...
 Fireball                 Conj/Fire      #.........   99%         5    ######.
 Metabolic Englaciation   Hex/Ice        #.........   99%         5    ######.
 Yara's Violent Unravell  Hex/Tmut       #.........   99%         5    ######.


Dungeon Overview and Level Annotations

Branches:
Dungeon (7/15)             Temple (1/1) D:5

Altars:
Ashenzari
Cheibriados
Dithmenos
Elyvilon
Fedhas
Gozag
Hepliaklqana
Kikubaaqudgha
Makhleb
Nemelex Xobeh
Okawaru
Qazlal
Ru
Sif Muna
Trog
Uskayaw
Vehumet
Wu Jian
Xom
Yredelemnul
Zin
The Shining One

Shops:
D:4 (

Annotations:
D:7 Dowan, Duvessa


Innate Abilities, Weirdness & Mutations

You cannot wear boots.
Your serpentine skin is tough. (AC +3)
You have supernaturally acute eyesight. (SInv)
Armour fits poorly on your strangely shaped body.
Your system is resistant to poisons. (rPois)
You cover ground very slowly.
You have a slow metabolism.
You can spit poison.


Message History

You feel slightly more hungry.
The gnoll hits you from afar with a +1 spear of venom.
* * * LOW HITPOINT WARNING * * *
You enter the passage of Golubria.
There is a passage of Golubria here.
You start resting.
You have got your breath back.
You start resting.
Your passage of Golubria closes with a snap!
You start resting.
You hear a snapping sound.
Duvessa, Sister of Dowan comes into view.
She is wielding a +0 short sword.
Duvessa hits you with a +0 short sword!
* * * LOW HITPOINT WARNING * * *
Duvessa hits you with a +0 short sword!
* * * LOW HITPOINT WARNING * * *
Duvessa hits you with a +0 short sword.
* * * LOW HITPOINT WARNING * * *
Duvessa hits you with a +0 short sword!
You die...

# ##.##...# ##.# ### #..
#.####.######..##### #...
#)...[.....##..#....
....###..............#....
......#...(.......##.#....
#.........................
....##..[........##..#....
#. ##..ee.......#..#....
#.[@................
#####..........#####
##..............# #
#..............## #
##.>##..........# #
#...##.........## #
######.........# #
###########


You could see Duvessa and Dowan.

Vanquished Creatures
  An unseen horror (D:7)
  A cyclops (D:7)
  A hornet (D:7)
  Eustachio (D:4)
  3 orc warriors (D:6)
  A sky beast (D:7)
  2 ogres (D:5)
  A necrophage (D:7)
  2 centaurs
  Blork the orc (D:5)
  A bullfrog (D:6)
  4 scorpions
  3 crimson imps
  2 centaur zombies (D:7)
  3 hounds
  4 jellies
  7 orc wizards
  A quasit (D:6)
  8 orc priests
  2 iguanas
  A centaur skeleton (D:5)
  3 worker ants
  A killer bee zombie (D:6)
  2 hound skeletons
  A worker ant zombie (D:5)
  Robin (D:3)
  5 gnolls
  12 adders
  3 shadow imps
  An ooze (D:7)
  2 worms (D:3)
  2 dart slugs
  A leopard gecko (D:6)
  26 orcs
  5 bats
  5 giant cockroaches
  8 goblins
  10 hobgoblins
  6 jackals
  7 kobolds
  4 quokkas
  2 ball pythons (D:2)
  A ball python skeleton (D:5)
  6 frilled lizards
  A leopard gecko zombie (D:5)
  A quokka skeleton (D:5)
  4 rats
170 creatures vanquished.

Notes
Turn   | Place    | Note
-------+----------+-------------------------------------------
     0 | D:1      | 2tousent the Naga Warper began the quest for the Orb.
     0 | D:1      | Reached XP level 1. HP: 19/19 MP: 3/3
   146 | D:1      | Reached skill level 1 in Stealth
   346 | D:1      | Reached XP level 2. HP: 21/26 MP: 5/5
   348 | D:1      | Reached skill level 2 in Stealth
   656 | D:1      | Learned a level 2 spell: Blink
   947 | D:1      | Reached XP level 3. HP: 30/32 MP: 6/6
  1145 | D:2      | Learned a level 3 spell: Gell's Gravitas
  1190 | D:2      | Reached skill level 3 in Stealth
  1554 | D:2      | Reached XP level 4. HP: 32/39 MP: 7/7
  2087 | D:2      | Reached skill level 4 in Stealth
  2396 | D:2      | Reached XP level 5. HP: 23/45 MP: 8/8
  2899 | D:3      | Noticed Robin
  2917 | D:3      | Killed Robin
  3371 | D:3      | Reached skill level 5 in Stealth
  3548 | D:3      | Reached XP level 6. HP: 52/52 MP: 9/9
  3971 | D:4      | Noticed Eustachio
  3972 | D:4      | Found Xinn's Antique Weapon Shop.
  3984 | D:4      | Killed Eustachio
  3984 | D:4      | Reached skill level 6 in Stealth
  3984 | D:4      | Reached XP level 7. HP: 43/60 MP: 10/10
  4197 | D:4      | Reached skill level 5 in Translocations
  5179 | D:5      | Entered Level 5 of the Dungeon
  5226 | D:5      | Found an iron altar of Okawaru.
  5227 | D:5      | Found a bloodstained altar of Trog.
  5283 | D:5      | Reached skill level 7 in Stealth
  5296 | D:5      | Found a staircase to the Ecumenical Temple.
  5314 | Temple   | Entered the Ecumenical Temple
  5516 | Temple   | Became a worshipper of Uskayaw the Reveler
  5522 | Temple   | Learned a level 4 spell: Passage of Golubria
  5561 | D:5      | Reached * piety under Uskayaw
  5875 | D:5      | Reached skill level 5 in Short Blades
  5875 | D:5      | Reached ** piety under Uskayaw
  6164 | D:5      | Reached skill level 1 in Invocations
  6185 | D:5      | Reached XP level 8. HP: 46/67 MP: 3/12
  6185 | D:5      | Reached *** piety under Uskayaw
  6853 | D:5      | Noticed Blork the orc
  6867 | D:5      | Killed Blork the orc
  7353 | D:6      | Found a shimmering altar of Xom.
  7496 | D:6      | Reached skill level 8 in Stealth
  7857 | D:6      | Reached XP level 9. HP: 20/73 MP: 14/14
  8215 | D:7      | Noticed a cyclops
  8217 | D:7      | Noticed Dowan
  9281 | D:7      | Noticed an unseen horror
  9856 | D:7      | Killed an unseen horror
  9856 | D:7      | Reached skill level 9 in Stealth
  9856 | D:7      | Reached skill level 5 in Invocations
  9875 | D:6      | Found a sparkling altar of Nemelex Xobeh.
 10626 | D:7      | Killed a cyclops
 10626 | D:7      | Reached XP level 10. HP: 45/80 MP: 9/17
 10962 | D:7      | Noticed Duvessa
 10968 | D:7      | Slain by Duvessa

Skill      XL: |  1  2  3  4  5  6  7  8  9 |
---------------+----------------------------+-----
Stealth        | 1 2 3 4 5 6 7 8 9 |  9.6
Short Blades   | 3 4 5 6 7 |  7.8
Translocations | 4 5 6 7 |  7.5
Spellcasting   | 3 4 |  4.9
Invocations    | 1 3 6 |  6.4
Fighting       | |  2.0
Throwing       | |  0.8
Armour         | |  0.7
Dodging        | |  1.5

Action                   |  1- 3 |  4- 6 |  7- 9 | 10-12 || total
-------------------------+-------+-------+-------+-------++-------
Melee: Short sword       |     9 |       |       |       ||     9
       Dagger            |    84 |   106 |   484 |    33 ||   707
 Cast: Gell's Gravitas   |       |     5 |    24 |       ||    29
       Blink             |       |     3 |    30 |     3 ||    36
       Passage of Golubr |       |       |    12 |     4 ||    16
Invok: Stomp             |       |       |     3 |       ||     3
 Abil: Spit Poison       |    20 |    30 |    63 |     7 ||   120
  Use: Scroll            |       |    13 |     1 |       ||    14
       Potion            |       |       |     1 |       ||     1
 Stab: Sleeping          |       |     1 |     9 |       ||    10
       Paralysed         |       |       |     2 |       ||     2
  Eat: Chunk             |     2 |     9 |    18 |     2 ||    31
       Ration            |       |       |     2 |       ||     2
Armor: Leather armour    |    15 |    22 |   153 |     5 ||   195
Dodge: Dodged            |    56 |    49 |   188 |     8 ||   301
